[ AOE2 MATCH · #458802688 ]
UnrankedTurks vs Wei
[ REPLAY ANALYSIS · EXTRACTED FROM THE RECORDED GAME ]
Feudal
18:29
Castle
27:55
Imperial
—
| APM avg | 9.9 |
| APM peak | 24 |
| eAPM avg | 7.5 |
| Villagers / military | 61 / 78 |
Focus
⚔️ 32.6% · 🌾 67.4%
Janissary ×41 · Fishing Ship ×13 · Petard ×7 · Demolition Raft ×7 · Militia ×6 · Spearman ×5
Feudal
15:35
Castle
25:01
Imperial
—
| APM avg | 32.9 |
| APM peak | 61 |
| eAPM avg | 19.9 |
| Villagers / military | 110 / 111 |
Focus
⚔️ 23.7% · 🌾 76.3%
Spearman ×75 · Fishing Ship ×17 · Knight ×11 · Fire Galley ×8 · Battering Ram ×8 · Galley ×4
Feudal
15:10
Castle
22:00
Imperial
42:17
| APM avg | 20.4 |
| APM peak | 50 |
| eAPM avg | 13.6 |
| Villagers / military | 70 / 25 |
Focus
⚔️ 26.9% · 🌾 73.1%
Unknown (1944) ×62 · Skirmisher ×25 · Unknown (1949) ×14 · Fishing Ship ×10 · Unknown (1942) ×4
Feudal
18:02
Castle
24:59
Imperial
—
| APM avg | 28.3 |
| APM peak | 61 |
| eAPM avg | 13.8 |
| Villagers / military | 60 / 10 |
Focus
⚔️ 26.8% · 🌾 73.2%
Unknown (2550) ×67 · Unknown (2626) ×11 · Fishing Ship ×8 · Kona ×5 · Petard ×4 · Fire Galley ×1
Feudal
18:27
Castle
24:48
Imperial
—
| APM avg | 32.7 |
| APM peak | 171 |
| eAPM avg | 15.1 |
| Villagers / military | 51 / 15 |
Focus
⚔️ 24.8% · 🌾 75.2%
Unknown (2579) ×30 · Fishing Ship ×8 · Battering Ram ×8 · Petard ×6 · Mangonel ×1
Feudal
14:15
Castle
23:09
Imperial
—
| APM avg | 14.3 |
| APM peak | 38 |
| eAPM avg | 10.5 |
| Villagers / military | 74 / 33 |
Focus
⚔️ 23.8% · 🌾 76.2%
Camel Scout ×19 · Fishing Ship ×11 · Demolition Raft ×9 · Scout Cavalry ×5
Feudal
16:26
Castle
23:37
Imperial
—
| APM avg | 19.3 |
| APM peak | 40 |
| eAPM avg | 10.2 |
| Villagers / military | 32 / 74 |
Focus
⚔️ 29.2% · 🌾 70.8%
Steppe Lancer ×74 · Fishing Ship ×34
Feudal
19:59
Castle
33:17
Imperial
—
| APM avg | 18.6 |
| APM peak | 37 |
| eAPM avg | 10.3 |
| Villagers / military | 113 / 51 |
Focus
⚔️ 22.0% · 🌾 78.0%
Spearman ×48 · Fishing Ship ×15 · Unknown (2550) ×15 · Fire Galley ×3
Match map
Initial resources + every placement click. Lines = walls · curves = elevation contours. ◆ gold · ⬟ stone · ● berries · ✦ relic · ◌ wall gap
Your base· Open — unwalled flank
Gamer_90_'s base· Open — 6t gap
Bredatje's base· Open — 15t gap
Flying Dutchman's base· Open — unwalled flank
God emperor's base· Open — 4t gap
[OuweHO3R] Rambo's base· Open — 10t gap
Jiren's base· Open — unwalled flank
Tinus's base· Open — unwalled flank
Smoothed initial terrain · ◌ = detected wall gap · hover for details
Inputs per minute
— FastMAN - - Gamer_90_
Build order — FastMAN
First 150 of 217 actions detected
| 3:50 | Build | Town Center |
| 5:26 | Create | Villager (Male) |
| 5:27 | Create | Villager (Male) |
| 5:27 | Create | Villager (Male) |
| 5:27 | Create | Villager (Male) |
| 5:27 | Create | Villager (Male) |
| 5:40 | Build | House |
| 5:41 | Build | House |
| 5:42 | Build | House |
| 5:42 | Build | House |
| 6:02 | Build | Mill |
| 7:21 | Create | Villager (Male) |
| 8:23 | Create | Villager (Male) |
| 8:48 | Create | Villager (Male) |
| 9:04 | Create | Villager (Male) |
| 9:11 | Build | Lumber Camp |
| 9:57 | Create | Villager (Male) |
| 9:58 | Create | Villager (Male) |
| 10:30 | Create | Villager (Male) |
| 10:49 | Research | Loom |
| 10:51 | Create | Villager (Male) |
| 11:44 | Create | Villager (Male) |
| 11:58 | Create | Villager (Male) |
| 12:23 | Create | Villager (Male) |
| 12:30 | Build | Dock |
| 12:46 | Create | Villager (Male) |
| 12:47 | Create | Villager (Male) |
| 13:10 | Build | House |
| 13:14 | Build | House |
| 13:17 | Build | House |
| 13:28 | Build | Mining Camp |
| 14:13 | Create | Fishing Ship |
| 14:23 | Create | Villager (Male) |
| 14:23 | Create | Villager (Male) |
| 14:48 | Create | Fishing Ship |
| 15:10 | Create | Villager (Male) |
| 15:57 | Build | Farm |
| 16:09 | Create | Fishing Ship |
| 16:19 | Research | Feudal Age |
| 17:07 | Create | Fishing Ship |
| 17:07 | Create | Fishing Ship |
| 17:57 | Create | Fishing Ship |
| 18:29 | Age | Feudal Age |
| 18:36 | Research | Town Watch |
| 18:37 | Research | Wheelbarrow |
| 18:42 | Build | Barracks |
| 18:51 | Create | Villager (Male) |
| 18:51 | Create | Villager (Male) |
| 18:59 | Create | Fishing Ship |
| 19:18 | Build | Farm |
| 19:23 | Build | Farm |
| 19:32 | Research | Double-Bit Axe |
| 19:46 | Create | Militia |
| 19:46 | Create | Militia |
| 19:47 | Create | Spearman |
| 19:47 | Create | Spearman |
| 19:47 | Create | Spearman |
| 19:48 | Create | Militia |
| 19:49 | Create | Militia |
| 20:14 | Build | Farm |
| 20:38 | Build | House |
| 20:41 | Build | House |
| 20:42 | Build | House |
| 20:44 | Build | House |
| 20:55 | Create | Fire Galley |
| 20:56 | Create | Fire Galley |
| 21:12 | Create | Villager (Male) |
| 21:13 | Create | Villager (Male) |
| 21:54 | Build | Market |
| 22:05 | Research | Man-at-Arms (upgrade) |
| 22:06 | Research | Arson |
| 22:20 | Build | Stable |
| 22:33 | Create | Villager (Male) |
| 22:33 | Create | Villager (Male) |
| 22:33 | Create | Villager (Male) |
| 22:48 | Create | Unit 2626 |
| 22:48 | Create | Unit 2626 |
| 23:35 | Build | Farm |
| 23:57 | Create | Scout Cavalry |
| 23:58 | Create | Scout Cavalry |
| 24:14 | Build | House |
| 24:15 | Build | House |
| 24:16 | Build | House |
| 24:30 | Research | Horse Collar |
| 25:02 | Build | Blacksmith |
| 25:15 | Research | Castle Age |
| 26:04 | Build | Farm |
| 26:08 | Build | Farm |
| 26:12 | Build | Farm |
| 26:24 | Create | Fishing Ship |
| 26:25 | Create | Fishing Ship |
| 26:44 | Build | Mining Camp |
| 27:05 | Create | Militia |
| 27:06 | Create | Militia |
| 27:06 | Create | Spearman |
| 27:07 | Create | Spearman |
| 27:26 | Build | Archery Range |
| 27:55 | Age | Castle Age |
| 28:35 | Research | Hand Cart |
| 28:38 | Create | Villager (Male) |
| 28:39 | Create | Villager (Male) |
| 28:39 | Create | Villager (Male) |
| 28:39 | Create | Villager (Male) |
| 28:40 | Create | Villager (Male) |
| 29:05 | Build | Town Center |
| 29:57 | Research | Gold Mining |
| 29:58 | Research | Stone Mining |
| 30:16 | Build | Farm |
| 30:22 | Create | Villager (Male) |
| 30:23 | Create | Villager (Male) |
| 30:36 | Create | Villager (Male) |
| 30:38 | Create | Villager (Male) |
| 30:38 | Create | Villager (Male) |
| 31:09 | Create | Villager (Male) |
| 31:10 | Create | Villager (Male) |
| 31:14 | Research | Town Patrol |
| 31:14 | Create | Villager (Male) |
| 33:07 | Create | Villager (Male) |
| 33:07 | Create | Villager (Male) |
| 33:16 | Create | Villager (Male) |
| 33:16 | Create | Villager (Male) |
| 33:19 | Create | Villager (Male) |
| 33:37 | Build | Castle |
| 33:44 | Create | Villager (Male) |
| 33:45 | Create | Villager (Male) |
| 33:45 | Create | Villager (Male) |
| 33:45 | Create | Villager (Male) |
| 33:54 | Create | Knight |
| 33:54 | Create | Knight |
| 33:54 | Create | Knight |
| 33:55 | Create | Camel Scout |
| 33:55 | Create | Camel Scout |
| 34:16 | Create | Villager (Male) |
| 34:18 | Create | Villager (Male) |
| 34:18 | Create | Villager (Male) |
| 34:18 | Create | Villager (Male) |
| 35:21 | Create | Janissary ×4 |
| 35:21 | Create | Janissary ×4 |
| 35:44 | Build | Mining Camp |
| 35:48 | Create | Villager (Male) |
| 35:50 | Create | Villager (Male) |
| 35:51 | Create | Villager (Male) |
| 36:00 | Build | Castle |
| 36:06 | Create | Villager (Male) |
| 36:34 | Create | Villager (Male) |
| 36:34 | Create | Villager (Male) |
| 36:35 | Create | Villager (Male) |
| 36:45 | Create | Janissary |
| 36:45 | Create | Janissary |
| 37:01 | Build | House |
Build order — Gamer_90_
First 150 of 361 actions detected
| 0:05 | Build | Town Center |
| 0:25 | Build | Dock |
| 0:26 | Build | House |
| 2:34 | Create | Villager (Male) |
| 2:35 | Create | Villager (Male) |
| 2:35 | Create | Villager (Male) |
| 2:35 | Create | Villager (Male) |
| 3:15 | Create | Villager (Male) |
| 3:16 | Create | Villager (Male) |
| 4:03 | Create | Villager (Male) |
| 4:21 | Create | Fishing Ship |
| 4:45 | Create | Villager (Male) |
| 4:52 | Build | House |
| 5:38 | Create | Villager (Male) |
| 5:56 | Create | Fishing Ship |
| 6:07 | Create | Villager (Male) |
| 6:27 | Research | Loom |
| 6:31 | Build | House |
| 6:34 | Create | Villager (Male) |
| 7:02 | Create | Villager (Male) |
| 7:02 | Create | Villager (Male) |
| 7:07 | Create | Fishing Ship |
| 7:32 | Create | Villager (Male) |
| 7:41 | Create | Villager (Male) |
| 7:41 | Create | Villager (Male) |
| 8:18 | Create | Fishing Ship |
| 8:23 | Create | Villager (Male) |
| 8:23 | Create | Villager (Male) |
| 8:45 | Create | Villager (Male) |
| 8:48 | Build | House |
| 9:09 | Build | Dock |
| 9:17 | Create | Villager (Male) |
| 9:34 | Create | Villager (Male) |
| 9:49 | Create | Villager (Male) |
| 9:53 | Build | House |
| 9:56 | Create | Villager (Male) |
| 10:23 | Create | Villager (Male) |
| 10:29 | Create | Villager (Male) |
| 10:38 | Build | Dock |
| 10:46 | Build | Mill |
| 11:16 | Create | Fishing Ship |
| 11:27 | Create | Villager (Male) |
| 11:41 | Create | Fishing Ship |
| 12:15 | Create | Fishing Ship |
| 12:32 | Build | House |
| 12:48 | Create | Fishing Ship |
| 13:18 | Create | Fishing Ship |
| 13:21 | Research | Feudal Age |
| 13:56 | Build | Dock |
| 14:31 | Build | Mining Camp |
| 14:52 | Build | House |
| 14:59 | Create | Fishing Ship |
| 15:18 | Build | House |
| 15:19 | Build | House |
| 15:35 | Age | Feudal Age |
| 15:40 | Create | Villager (Male) |
| 15:41 | Create | Villager (Male) |
| 15:41 | Create | Villager (Male) |
| 15:42 | Create | Villager (Male) |
| 15:42 | Create | Villager (Male) |
| 15:43 | Create | Villager (Male) |
| 15:44 | Create | Villager (Male) |
| 15:44 | Create | Villager (Male) |
| 15:44 | Create | Villager (Male) |
| 15:44 | Create | Villager (Male) |
| 16:10 | Create | Fire Galley |
| 16:20 | Create | Fishing Ship |
| 16:36 | Create | Fishing Ship |
| 16:56 | Create | Fire Galley |
| 17:02 | Create | Villager (Male) |
| 17:27 | Build | Lumber Camp |
| 17:49 | Create | Fire Galley |
| 18:09 | Create | Fishing Ship |
| 18:32 | Build | Market |
| 18:42 | Build | House |
| 18:43 | Build | House |
| 18:47 | Create | Fire Galley |
| 19:51 | Build | House |
| 19:52 | Build | House |
| 19:53 | Build | House |
| 19:54 | Build | Blacksmith |
| 20:11 | Create | Unit 2626 |
| 20:35 | Build | Barracks |
| 20:40 | Research | Double-Bit Axe |
| 20:44 | Research | Wheelbarrow |
| 20:50 | Create | Galley |
| 20:51 | Create | Fire Galley |
| 21:20 | Research | Forging |
| 21:21 | Research | Scale Mail Armor |
| 21:24 | Research | Man-at-Arms (upgrade) |
| 21:24 | Research | Arson |
| 21:30 | Research | Castle Age |
| 21:36 | Research | Gold Mining |
| 21:58 | Create | Fishing Ship |
| 21:58 | Create | Fishing Ship |
| 22:01 | Create | Fishing Ship |
| 22:02 | Create | Fishing Ship |
| 22:22 | Create | Fire Galley |
| 22:34 | Build | Barracks |
| 22:39 | Create | Militia |
| 22:39 | Create | Militia |
| 22:40 | Create | Militia |
| 22:41 | Create | Militia |
| 23:00 | Create | Fire Galley |
| 23:15 | Build | Lumber Camp |
| 23:26 | Create | Spearman |
| 23:36 | Create | Spearman |
| 23:37 | Create | Spearman |
| 23:57 | Create | Spearman |
| 24:02 | Create | Spearman |
| 24:03 | Create | Spearman |
| 24:05 | Create | Spearman |
| 24:27 | Research | Padded Archer Armor |
| 24:28 | Research | Fletching |
| 24:35 | Build | Barracks |
| 24:36 | Build | Barracks |
| 24:37 | Build | Barracks |
| 24:50 | Create | Unit 2626 |
| 25:01 | Age | Castle Age |
| 25:12 | Research | Pikeman (upgrade) |
| 25:15 | Create | Villager (Male) |
| 25:16 | Create | Villager (Male) |
| 25:25 | Research | War Galley (upgrade) |
| 25:48 | Create | Spearman |
| 25:50 | Create | Villager (Male) |
| 25:50 | Create | Villager (Male) |
| 26:01 | Create | Villager (Male) |
| 26:04 | Create | Spearman |
| 26:05 | Create | Spearman |
| 26:05 | Create | Spearman |
| 26:24 | Create | Spearman |
| 26:25 | Create | Spearman |
| 26:25 | Create | Spearman |
| 26:26 | Create | Spearman |
| 26:26 | Create | Spearman |
| 26:28 | Create | Spearman |
| 26:33 | Create | Spearman |
| 26:45 | Create | Fire Galley |
| 26:48 | Create | Villager (Male) |
| 26:51 | Create | Spearman |
| 27:07 | Create | Spearman |
| 27:07 | Create | Spearman |
| 27:26 | Build | Town Center |
| 27:29 | Create | Villager (Male) |
| 27:33 | Create | Spearman |
| 27:42 | Create | Spearman |
| 27:42 | Create | Spearman |
| 27:56 | Create | Villager (Male) |
| 27:57 | Create | Villager (Male) |
| 28:18 | Create | Villager (Male) |
Build order — Bredatje
First 150 of 238 actions detected
| 1:07 | Build | Town Center |
| 3:10 | Create | Villager (Male) |
| 3:10 | Create | Villager (Male) |
| 3:11 | Create | Villager (Male) |
| 3:14 | Create | Villager (Male) |
| 3:20 | Build | House |
| 3:21 | Build | House |
| 4:30 | Create | Villager (Male) |
| 4:31 | Create | Villager (Male) |
| 5:18 | Create | Villager (Male) |
| 5:42 | Build | Lumber Camp |
| 5:52 | Create | Villager (Male) |
| 6:13 | Create | Villager (Male) |
| 6:22 | Build | Mill |
| 7:04 | Create | Villager (Male) |
| 7:24 | Build | House |
| 7:34 | Create | Villager (Male) |
| 7:58 | Create | Villager (Male) |
| 8:21 | Create | Villager (Male) |
| 8:43 | Create | Villager (Male) |
| 8:44 | Create | Villager (Male) |
| 8:57 | Build | House |
| 9:36 | Create | Villager (Male) |
| 9:36 | Create | Villager (Male) |
| 9:36 | Create | Villager (Male) |
| 9:51 | Create | Villager (Male) |
| 10:01 | Create | Villager (Male) |
| 10:43 | Research | Loom |
| 10:44 | Create | Villager (Male) |
| 12:04 | Build | House |
| 12:06 | Build | House |
| 12:19 | Build | Dock |
| 13:00 | Research | Feudal Age |
| 13:09 | Create | Fishing Ship |
| 13:09 | Create | Fishing Ship |
| 13:45 | Build | Mill |
| 14:02 | Create | Villager (Male) |
| 14:02 | Create | Villager (Male) |
| 14:02 | Create | Villager (Male) |
| 14:21 | Build | House |
| 14:41 | Create | Fishing Ship |
| 15:10 | Age | Feudal Age |
| 15:14 | Research | Double-Bit Axe |
| 15:15 | Create | Villager (Male) |
| 15:31 | Create | Villager (Male) |
| 15:31 | Create | Villager (Male) |
| 15:48 | Build | Mining Camp |
| 16:07 | Create | Fishing Ship |
| 16:16 | Create | Villager (Male) |
| 16:17 | Create | Villager (Male) |
| 16:31 | Create | Villager (Male) |
| 16:50 | Build | Barracks |
| 17:00 | Build | House |
| 17:08 | Create | Villager (Male) |
| 17:27 | Create | Villager (Male) |
| 17:38 | Build | Blacksmith |
| 18:09 | Build | Market |
| 18:15 | Create | Villager (Male) |
| 18:32 | Create | Fishing Ship |
| 18:40 | Create | Fishing Ship |
| 19:00 | Build | Stable |
| 19:04 | Research | Castle Age |
| 19:13 | Research | Horse Collar |
| 19:29 | Build | Farm |
| 19:29 | Build | Farm |
| 19:30 | Build | Farm |
| 19:32 | Build | Farm |
| 19:47 | Create | Fishing Ship |
| 19:56 | Research | Scale Barding Armor |
| 20:22 | Research | Bloodlines |
| 20:29 | Build | Stable |
| 20:39 | Build | Farm |
| 20:40 | Build | Farm |
| 20:43 | Build | Farm |
| 20:59 | Build | House |
| 21:08 | Build | House |
| 21:09 | Build | House |
| 21:10 | Build | House |
| 21:33 | Research | Forging |
| 21:45 | Research | Gold Mining |
| 21:51 | Create | Villager (Male) |
| 21:51 | Create | Villager (Male) |
| 21:51 | Create | Villager (Male) |
| 22:00 | Age | Castle Age |
| 22:05 | Create | Unit 1944 ×5 |
| 22:05 | Create | Unit 1944 ×5 |
| 22:41 | Build | Town Center |
| 22:59 | Build | Mining Camp |
| 23:04 | Create | Villager (Male) |
| 23:04 | Create | Villager (Male) |
| 23:12 | Create | Unit 1944 ×3 |
| 23:12 | Create | Unit 1944 ×3 |
| 23:38 | Research | Stone Mining |
| 24:14 | Create | Unit 1944 |
| 24:14 | Create | Unit 1944 |
| 24:31 | Create | Unit 1944 |
| 24:31 | Create | Unit 1944 |
| 24:48 | Build | Farm |
| 24:49 | Build | Farm |
| 24:51 | Build | Farm |
| 24:53 | Build | Farm |
| 24:54 | Build | Farm |
| 25:24 | Create | Unit 1944 |
| 25:24 | Create | Unit 1944 |
| 25:42 | Create | Unit 1944 |
| 25:42 | Create | Unit 1944 |
| 25:56 | Create | Unit 1944 |
| 25:56 | Create | Unit 1944 |
| 25:59 | Create | Villager (Male) |
| 25:59 | Create | Villager (Male) |
| 25:59 | Create | Villager (Male) |
| 25:59 | Create | Villager (Male) |
| 26:08 | Create | Fishing Ship |
| 26:08 | Create | Fishing Ship |
| 26:16 | Create | Fishing Ship |
| 26:37 | Build | House |
| 26:37 | Build | House |
| 26:38 | Build | House |
| 27:25 | Research | Chain Barding Armor |
| 27:29 | Research | Wheelbarrow |
| 27:32 | Create | Villager (Male) |
| 27:33 | Create | Villager (Male) |
| 27:33 | Create | Villager (Male) |
| 29:17 | Build | Archery Range |
| 29:35 | Build | Castle |
| 29:51 | Research | Fletching |
| 30:12 | Create | Skirmisher |
| 30:12 | Create | Skirmisher |
| 30:12 | Create | Skirmisher |
| 30:13 | Create | Skirmisher |
| 30:13 | Create | Skirmisher |
| 30:22 | Create | Unit 1944 ×5 |
| 30:23 | Create | Unit 1944 ×5 |
| 30:23 | Create | Unit 1944 ×5 |
| 30:46 | Create | Villager (Male) |
| 30:46 | Create | Villager (Male) |
| 31:17 | Create | Unit 1949 |
| 31:18 | Create | Unit 1949 |
| 31:46 | Create | Skirmisher |
| 31:47 | Create | Skirmisher |
| 32:09 | Build | Lumber Camp |
| 32:12 | Create | Villager (Male) |
| 32:13 | Create | Villager (Male) |
| 32:51 | Create | Villager (Male) |
| 32:51 | Create | Villager (Male) |
| 32:52 | Create | Villager (Male) |
| 32:52 | Create | Villager (Male) |
| 32:52 | Create | Villager (Male) |
| 33:36 | Create | Skirmisher |
| 33:36 | Create | Skirmisher |
Build order — Flying Dutchman
First 150 of 174 actions detected
| 0:32 | Build | Town Center |
| 3:20 | Create | Villager (Male) ×4 |
| 3:25 | Build | House |
| 4:47 | Build | House |
| 5:10 | Research | Loom |
| 5:10 | Research | Loom |
| 5:13 | Build | House |
| 5:25 | Create | Villager (Male) |
| 5:25 | Create | Villager (Male) |
| 5:59 | Build | Dock |
| 6:04 | Create | Villager (Male) |
| 6:04 | Create | Villager (Male) |
| 6:39 | Create | Villager (Male) |
| 7:10 | Create | Villager (Male) |
| 7:10 | Create | Villager (Male) |
| 7:43 | Create | Villager (Male) |
| 7:43 | Create | Villager (Male) |
| 8:14 | Create | Villager (Male) |
| 8:34 | Create | Villager (Male) |
| 8:56 | Create | Villager (Male) |
| 8:56 | Create | Villager (Male) |
| 9:25 | Create | Villager (Male) |
| 9:32 | Create | Villager (Male) |
| 9:55 | Create | Villager (Male) |
| 9:58 | Build | House |
| 10:03 | Create | Fishing Ship |
| 10:03 | Create | Fishing Ship |
| 10:05 | Create | Villager (Male) |
| 10:05 | Create | Villager (Male) |
| 10:37 | Create | Villager (Male) |
| 10:37 | Create | Villager (Male) |
| 10:57 | Create | Villager (Male) |
| 11:47 | Create | Villager (Male) |
| 11:59 | Build | Settlement |
| 12:08 | Create | Villager (Male) |
| 12:15 | Build | House |
| 12:27 | Create | Fishing Ship |
| 12:50 | Create | Villager (Male) |
| 13:04 | Create | Fishing Ship |
| 13:08 | Build | House |
| 13:14 | Create | Villager (Male) |
| 13:18 | Create | Fishing Ship |
| 13:50 | Build | Settlement |
| 13:58 | Build | Settlement |
| 14:08 | Create | Villager (Male) |
| 14:58 | Build | Barracks |
| 15:02 | Create | Villager (Male) |
| 15:52 | Research | Feudal Age |
| 16:15 | Create | Fishing Ship |
| 16:40 | Create | Fishing Ship |
| 17:03 | Create | Fishing Ship |
| 18:02 | Age | Feudal Age |
| 18:08 | Build | Gate |
| 18:15 | Build | Stone Wall |
| 18:21 | Build | Stone Wall |
| 18:33 | Create | Unit 2626 |
| 18:38 | Create | Fire Galley |
| 18:42 | Create | Villager (Male) ×5 |
| 18:56 | Build | Gate |
| 19:02 | Build | Stone Wall |
| 19:16 | Build | Stone Wall |
| 19:30 | Create | Unit 2626 |
| 19:30 | Create | Unit 2626 |
| 19:53 | Build | Stone Wall |
| 20:28 | Create | Unit 2626 |
| 20:54 | Build | Gate |
| 20:58 | Build | Stone Wall |
| 20:59 | Build | Stone Wall |
| 20:59 | Build | Stone Wall |
| 21:00 | Build | Stone Wall |
| 21:10 | Build | Market |
| 21:34 | Build | Stone Wall |
| 21:44 | Build | Blacksmith |
| 22:07 | Build | Gate |
| 22:19 | Research | Castle Age |
| 22:19 | Research | Castle Age |
| 22:26 | Create | Unit 2626 |
| 22:26 | Create | Unit 2626 |
| 22:37 | Build | Gate |
| 22:47 | Build | Stone Wall |
| 23:22 | Create | Unit 2626 |
| 23:34 | Build | Stone Wall |
| 23:57 | Create | Unit 2626 |
| 24:20 | Build | Outpost |
| 24:30 | Build | Stone Wall |
| 24:35 | Research | Gold Mining |
| 24:35 | Research | Double-Bit Axe |
| 24:35 | Research | Stone Mining |
| 24:59 | Age | Castle Age |
| 25:03 | Build | Castle |
| 25:28 | Build | Outpost |
| 26:17 | Research | Wheelbarrow |
| 26:31 | Create | Villager (Male) ×5 |
| 26:33 | Create | Villager (Male) ×5 |
| 26:43 | Build | Stone Wall |
| 27:00 | Research | Tech 1402 |
| 27:01 | Create | Unit 2550 ×5 |
| 28:30 | Create | Unit 2626 |
| 28:31 | Create | Unit 2626 |
| 29:07 | Research | Tech 1351 |
| 29:09 | Create | Unit 2550 |
| 29:09 | Create | Unit 2550 |
| 29:24 | Build | Barracks |
| 29:38 | Create | Unit 2626 |
| 30:00 | Create | Kona ×5 |
| 30:08 | Create | Unit 2550 ×2 |
| 31:06 | Create | Unit 2550 ×2 |
| 31:06 | Create | Unit 2550 ×2 |
| 31:11 | Build | Farm |
| 31:11 | Build | Farm |
| 31:11 | Build | Farm |
| 31:11 | Build | Farm |
| 31:11 | Build | Farm |
| 31:33 | Build | Castle |
| 32:13 | Create | Unit 2550 ×2 |
| 32:13 | Create | Unit 2550 ×2 |
| 32:19 | Research | Arson |
| 32:25 | Build | Farm |
| 32:40 | Build | Gate |
| 33:03 | Create | Villager (Male) ×2 |
| 33:03 | Create | Villager (Male) ×2 |
| 33:18 | Build | Town Center |
| 33:19 | Create | Villager (Male) |
| 33:19 | Create | Villager (Male) |
| 34:08 | Build | House |
| 34:08 | Build | House |
| 34:09 | Build | House |
| 34:09 | Build | House |
| 34:09 | Build | House |
| 34:32 | Create | Petard ×2 |
| 35:06 | Create | Villager (Male) ×3 |
| 35:38 | Create | Petard |
| 35:38 | Create | Petard |
| 36:10 | Build | Gate |
| 36:15 | Build | Siege Workshop |
| 36:24 | Build | House |
| 36:26 | Build | House |
| 36:33 | Create | Unit 2550 ×4 |
| 36:49 | Create | Unit 2550 |
| 36:49 | Create | Unit 2550 |
| 36:58 | Build | Farm |
| 36:59 | Build | Farm |
| 36:59 | Build | Farm |
| 36:59 | Build | Farm |
| 36:59 | Build | Farm |
| 36:59 | Build | Farm |
| 39:06 | Create | Villager (Male) ×5 |
| 39:44 | Create | Unit 2550 ×5 |
| 39:45 | Create | Unit 2550 ×5 |
| 40:28 | Build | Town Center |
Build order — God emperor
First 150 of 154 actions detected
| 0:36 | Build | Town Center |
| 1:27 | Build | Dock |
| 2:05 | Build | House |
| 3:24 | Create | Villager (Male) |
| 3:24 | Create | Villager (Male) |
| 3:25 | Create | Villager (Male) |
| 3:25 | Create | Villager (Male) |
| 3:25 | Create | Villager (Male) |
| 3:26 | Research | Loom |
| 3:58 | Create | Villager (Male) |
| 3:58 | Create | Villager (Male) |
| 3:58 | Create | Villager (Male) |
| 4:02 | Research | Loom |
| 4:02 | Create | Villager (Male) |
| 4:02 | Create | Villager (Male) |
| 4:02 | Create | Villager (Male) |
| 4:03 | Create | Villager (Male) |
| 4:03 | Create | Villager (Male) |
| 5:06 | Build | House |
| 5:07 | Build | Palisade Wall |
| 6:00 | Create | Villager (Male) |
| 6:00 | Create | Villager (Male) |
| 6:24 | Create | Villager (Male) |
| 6:24 | Create | Villager (Male) |
| 6:24 | Create | Villager (Male) |
| 6:24 | Create | Villager (Male) |
| 6:34 | Build | House |
| 8:11 | Create | Villager (Male) |
| 8:11 | Create | Villager (Male) |
| 8:12 | Create | Villager (Male) |
| 8:12 | Create | Villager (Male) |
| 9:37 | Create | Villager (Male) |
| 9:37 | Create | Villager (Male) |
| 9:57 | Create | Fishing Ship |
| 10:52 | Create | Fishing Ship |
| 10:52 | Create | Fishing Ship |
| 11:48 | Create | Villager (Male) |
| 11:48 | Create | Villager (Male) |
| 11:49 | Create | Villager (Male) |
| 11:49 | Create | Villager (Male) |
| 11:49 | Create | Villager (Male) |
| 12:44 | Build | House |
| 12:52 | Create | Villager (Male) |
| 12:56 | Create | Fishing Ship |
| 12:57 | Create | Fishing Ship |
| 12:57 | Create | Fishing Ship |
| 13:39 | Build | Settlement |
| 14:11 | Build | Settlement |
| 14:33 | Create | Fishing Ship |
| 14:33 | Create | Fishing Ship |
| 16:17 | Research | Feudal Age |
| 16:17 | Research | Feudal Age |
| 18:27 | Age | Feudal Age |
| 18:30 | Build | Market |
| 18:34 | Build | Blacksmith |
| 18:37 | Build | House |
| 18:40 | Build | House |
| 18:47 | Build | House |
| 18:53 | Create | Villager (Male) |
| 18:53 | Create | Villager (Male) |
| 18:54 | Create | Villager (Male) |
| 18:55 | Create | Villager (Male) |
| 19:10 | Build | Settlement |
| 20:30 | Research | Town Watch |
| 21:31 | Build | Outpost |
| 22:08 | Research | Castle Age |
| 22:32 | Build | Palisade Gate |
| 22:34 | Build | Palisade Gate |
| 22:38 | Build | Palisade Gate |
| 24:48 | Age | Castle Age |
| 24:52 | Build | Castle |
| 24:56 | Create | Villager (Male) |
| 24:56 | Create | Villager (Male) |
| 24:58 | Create | Villager (Male) |
| 24:58 | Create | Villager (Male) |
| 25:10 | Research | Fletching |
| 26:20 | Create | Unit 2579 |
| 26:20 | Create | Unit 2579 |
| 26:20 | Create | Unit 2579 |
| 26:22 | Create | Unit 2579 |
| 26:30 | Build | University |
| 26:42 | Create | Unit 2579 |
| 26:44 | Create | Villager (Male) |
| 26:45 | Create | Villager (Male) |
| 26:45 | Create | Villager (Male) |
| 27:19 | Build | Gate |
| 27:34 | Build | Stone Wall |
| 27:39 | Create | Unit 2579 |
| 27:39 | Create | Unit 2579 |
| 27:40 | Create | Unit 2579 |
| 28:13 | Create | Unit 2579 |
| 28:14 | Create | Unit 2579 |
| 28:14 | Create | Unit 2579 |
| 28:14 | Create | Unit 2579 |
| 30:02 | Build | Castle |
| 30:18 | Build | House |
| 30:20 | Build | House |
| 30:59 | Create | Unit 2579 |
| 31:04 | Create | Villager (Male) |
| 31:04 | Create | Villager (Male) |
| 31:04 | Create | Villager (Male) |
| 31:19 | Build | Stone Wall |
| 31:28 | Create | Unit 2579 |
| 31:28 | Create | Unit 2579 |
| 31:38 | Build | House |
| 32:23 | Build | Stone Wall |
| 32:50 | Research | Bodkin Arrow |
| 33:15 | Build | Siege Workshop |
| 33:54 | Build | Stone Wall |
| 33:58 | Build | Stone Wall |
| 34:03 | Create | Battering Ram |
| 34:04 | Create | Battering Ram |
| 34:15 | Create | Unit 2579 |
| 34:15 | Create | Unit 2579 |
| 34:59 | Research | Padded Archer Armor |
| 35:39 | Create | Battering Ram |
| 35:57 | Create | Battering Ram |
| 36:06 | Create | Villager (Male) |
| 36:06 | Create | Villager (Male) |
| 36:06 | Create | Villager (Male) |
| 36:08 | Create | Unit 2579 |
| 36:08 | Create | Unit 2579 |
| 36:08 | Create | Unit 2579 |
| 36:09 | Create | Unit 2579 |
| 36:10 | Create | Unit 2579 |
| 37:37 | Create | Battering Ram |
| 37:38 | Create | Battering Ram |
| 38:40 | Research | Murder Holes |
| 39:21 | Create | Mangonel |
| 40:04 | Create | Battering Ram |
| 40:05 | Create | Battering Ram |
| 40:23 | Create | Unit 2579 |
| 40:23 | Create | Unit 2579 |
| 40:23 | Create | Unit 2579 |
| 40:24 | Create | Unit 2579 |
| 40:26 | Create | Unit 2579 |
| 40:26 | Create | Unit 2579 |
| 40:27 | Create | Unit 2579 |
| 40:27 | Create | Unit 2579 |
| 40:57 | Create | Petard |
| 40:58 | Create | Petard |
| 41:01 | Create | Petard |
| 41:02 | Create | Petard |
| 41:10 | Build | Farm |
| 41:10 | Build | Farm |
| 41:11 | Build | Farm |
| 41:11 | Build | Farm |
| 41:11 | Build | Farm |
| 41:13 | Build | Farm |
| 41:19 | Create | Petard |
Build order — [OuweHO3R] Rambo
First 150 of 200 actions detected
| 0:23 | Build | Town Center |
| 1:38 | Build | House |
| 2:47 | Research | Loom |
| 2:48 | Create | Villager (Male) |
| 2:48 | Create | Villager (Male) |
| 2:48 | Create | Villager (Male) |
| 2:49 | Create | Villager (Male) |
| 4:46 | Create | Villager (Male) |
| 5:00 | Create | Villager (Male) |
| 5:21 | Build | House |
| 5:24 | Build | House |
| 5:30 | Create | Villager (Male) |
| 5:58 | Create | Villager (Male) |
| 6:10 | Create | Villager (Male) |
| 6:21 | Create | Villager (Male) |
| 6:30 | Create | Villager (Male) |
| 6:49 | Create | Villager (Male) |
| 7:18 | Create | Villager (Male) |
| 7:29 | Build | Lumber Camp |
| 7:39 | Create | Villager (Male) |
| 8:20 | Build | Mill |
| 8:36 | Create | Villager (Male) |
| 8:56 | Create | Villager (Male) |
| 9:31 | Create | Villager (Male) |
| 9:35 | Build | House |
| 10:00 | Create | Villager (Male) |
| 10:15 | Create | Villager (Male) |
| 10:25 | Build | Dock |
| 10:45 | Create | Villager (Male) |
| 11:07 | Create | Villager (Male) |
| 11:17 | Build | Mining Camp |
| 11:36 | Create | Fishing Ship |
| 11:44 | Create | Villager (Male) |
| 11:49 | Build | House |
| 12:04 | Research | Feudal Age |
| 12:21 | Create | Fishing Ship |
| 12:34 | Build | House |
| 12:44 | Build | House |
| 12:45 | Build | House |
| 12:52 | Build | House |
| 13:33 | Create | Fishing Ship |
| 13:50 | Create | Villager (Male) |
| 13:53 | Create | Fishing Ship |
| 13:57 | Create | Villager (Male) |
| 14:00 | Build | House |
| 14:02 | Build | House |
| 14:06 | Build | House |
| 14:15 | Age | Feudal Age |
| 14:30 | Research | Double-Bit Axe |
| 14:45 | Create | Villager (Male) |
| 14:45 | Create | Villager (Male) |
| 14:50 | Create | Demolition Raft |
| 15:08 | Build | House |
| 15:12 | Build | House |
| 15:13 | Build | House |
| 15:21 | Create | Demolition Raft |
| 15:31 | Create | Demolition Raft |
| 15:32 | Create | Demolition Raft |
| 15:42 | Create | Demolition Raft |
| 15:46 | Create | Demolition Raft |
| 15:57 | Create | Demolition Raft |
| 16:06 | Create | Demolition Raft |
| 16:13 | Create | Villager (Male) |
| 16:13 | Create | Villager (Male) |
| 16:17 | Create | Fishing Ship |
| 16:18 | Create | Fishing Ship |
| 16:18 | Create | Fishing Ship |
| 16:43 | Create | Villager (Male) |
| 16:43 | Create | Villager (Male) |
| 16:44 | Create | Villager (Male) |
| 16:51 | Build | Barracks |
| 17:21 | Research | Wheelbarrow |
| 17:49 | Create | Fishing Ship |
| 17:49 | Create | Fishing Ship |
| 17:57 | Build | House |
| 18:00 | Build | House |
| 18:12 | Research | Horse Collar |
| 18:59 | Build | Blacksmith |
| 19:03 | Create | Demolition Raft |
| 19:07 | Create | Fishing Ship |
| 19:07 | Create | Fishing Ship |
| 19:32 | Create | Villager (Male) |
| 19:47 | Build | Market |
| 20:09 | Build | Farm |
| 20:09 | Build | Farm |
| 20:10 | Build | Farm |
| 20:10 | Build | Farm |
| 20:10 | Build | Farm |
| 20:10 | Build | Farm |
| 20:11 | Build | Farm |
| 20:11 | Build | Farm |
| 20:12 | Build | Farm |
| 20:21 | Build | Farm |
| 20:21 | Build | Farm |
| 20:21 | Build | Farm |
| 20:22 | Build | Farm |
| 20:22 | Build | Farm |
| 20:22 | Build | Farm |
| 20:23 | Build | Farm |
| 20:29 | Research | Castle Age |
| 21:11 | Build | Stable |
| 21:31 | Research | Town Watch |
| 21:45 | Build | Watch Tower |
| 21:57 | Research | Bloodlines |
| 22:13 | Build | Mining Camp |
| 22:42 | Build | House |
| 22:48 | Build | House |
| 23:09 | Age | Castle Age |
| 23:54 | Build | Castle |
| 24:00 | Build | House |
| 24:17 | Build | Castle |
| 24:27 | Build | Stone Wall |
| 24:34 | Build | House |
| 24:36 | Build | House |
| 24:38 | Build | House |
| 24:45 | Create | Scout Cavalry |
| 24:46 | Create | Scout Cavalry |
| 24:46 | Create | Scout Cavalry |
| 24:46 | Create | Scout Cavalry |
| 24:47 | Create | Scout Cavalry |
| 26:17 | Create | Camel Scout |
| 26:17 | Create | Camel Scout |
| 26:17 | Create | Camel Scout |
| 26:17 | Create | Camel Scout |
| 26:42 | Create | Villager (Male) |
| 26:42 | Create | Villager (Male) |
| 26:42 | Create | Villager (Male) |
| 26:43 | Create | Villager (Male) |
| 26:43 | Create | Villager (Male) |
| 26:43 | Create | Villager (Male) |
| 26:43 | Create | Villager (Male) |
| 28:14 | Build | Town Center |
| 29:42 | Create | Villager (Male) |
| 29:42 | Create | Villager (Male) |
| 29:43 | Create | Villager (Male) |
| 29:43 | Create | Villager (Male) |
| 29:43 | Create | Villager (Male) |
| 29:46 | Create | Villager (Male) |
| 29:46 | Create | Villager (Male) |
| 29:46 | Create | Villager (Male) |
| 29:47 | Create | Villager (Male) |
| 29:47 | Create | Villager (Male) |
| 31:22 | Create | Villager (Male) |
| 31:23 | Create | Villager (Male) |
| 31:23 | Create | Villager (Male) |
| 31:24 | Create | Villager (Male) |
| 31:57 | Build | Watch Tower |
| 32:15 | Create | Villager (Male) |
| 32:16 | Create | Villager (Male) |
| 32:40 | Create | Villager (Male) |
Build order — Jiren
First 150 of 197 actions detected
| 0:39 | Build | Town Center |
| 2:45 | Build | Dock |
| 3:04 | Create | Villager (Male) |
| 3:11 | Build | House |
| 3:24 | Build | House |
| 3:26 | Build | House |
| 3:34 | Create | Villager (Male) |
| 4:19 | Create | Villager (Male) |
| 4:20 | Create | Villager (Male) |
| 4:45 | Create | Villager (Male) |
| 4:45 | Create | Villager (Male) |
| 5:10 | Create | Villager (Male) |
| 6:08 | Create | Villager (Male) |
| 6:49 | Create | Villager (Male) |
| 7:04 | Create | Fishing Ship |
| 7:14 | Create | Villager (Male) |
| 7:37 | Create | Fishing Ship |
| 7:54 | Build | House |
| 8:08 | Build | House |
| 8:12 | Create | Villager (Male) |
| 8:21 | Create | Fishing Ship |
| 8:51 | Create | Villager (Male) |
| 8:53 | Create | Villager (Male) |
| 9:02 | Create | Fishing Ship |
| 9:13 | Create | Villager (Male) |
| 9:56 | Create | Fishing Ship |
| 10:02 | Create | Villager (Male) |
| 10:26 | Build | Dock |
| 10:32 | Create | Villager (Male) |
| 10:34 | Create | Fishing Ship |
| 11:01 | Create | Villager (Male) |
| 11:08 | Build | House |
| 11:21 | Create | Fishing Ship |
| 11:21 | Create | Fishing Ship |
| 11:45 | Build | House |
| 12:04 | Create | Villager (Male) |
| 12:18 | Create | Fishing Ship |
| 12:19 | Create | Fishing Ship |
| 12:27 | Build | House |
| 12:34 | Create | Villager (Male) |
| 12:47 | Create | Fishing Ship |
| 12:48 | Create | Fishing Ship |
| 12:59 | Build | House |
| 13:03 | Build | House |
| 13:08 | Create | Villager (Male) |
| 13:38 | Build | Mining Camp |
| 13:40 | Create | Villager (Male) |
| 13:44 | Create | Fishing Ship |
| 13:45 | Create | Fishing Ship |
| 14:16 | Research | Feudal Age |
| 14:16 | Research | Feudal Age |
| 14:30 | Create | Fishing Ship |
| 14:30 | Create | Fishing Ship |
| 15:04 | Create | Villager (Male) |
| 15:04 | Create | Villager (Male) |
| 15:09 | Build | Dock |
| 15:16 | Create | Fishing Ship |
| 15:16 | Create | Fishing Ship |
| 15:39 | Create | Fishing Ship |
| 15:39 | Create | Fishing Ship |
| 15:47 | Create | Fishing Ship |
| 16:08 | Build | House |
| 16:26 | Age | Feudal Age |
| 16:36 | Create | Fishing Ship |
| 16:37 | Create | Fishing Ship |
| 16:37 | Create | Fishing Ship |
| 17:00 | Build | Lumber Camp |
| 17:02 | Create | Villager (Male) |
| 17:03 | Create | Villager (Male) |
| 17:49 | Build | Blacksmith |
| 18:10 | Build | Mill |
| 18:13 | Create | Villager (Male) |
| 18:15 | Create | Fishing Ship |
| 18:15 | Create | Fishing Ship |
| 18:26 | Research | Double-Bit Axe |
| 18:37 | Create | Villager (Male) |
| 18:58 | Build | Market |
| 19:04 | Create | Villager (Male) |
| 19:09 | Build | House |
| 19:24 | Create | Fishing Ship |
| 19:24 | Create | Fishing Ship |
| 19:42 | Build | House |
| 20:24 | Research | Loom |
| 20:36 | Create | Fishing Ship |
| 20:36 | Create | Fishing Ship |
| 20:36 | Create | Fishing Ship |
| 20:57 | Research | Castle Age |
| 21:21 | Build | Barracks |
| 22:04 | Create | Villager (Male) |
| 22:04 | Create | Villager (Male) |
| 22:05 | Create | Fishing Ship |
| 22:06 | Create | Fishing Ship |
| 22:06 | Create | Fishing Ship |
| 22:13 | Build | Stable |
| 22:16 | Build | Stable |
| 22:20 | Research | Forging |
| 22:22 | Research | Scale Barding Armor |
| 22:33 | Create | Villager (Male) |
| 22:43 | Build | Stable |
| 22:48 | Build | Stable |
| 23:03 | Create | Villager (Male) |
| 23:14 | Build | Mining Camp |
| 23:21 | Research | Bloodlines |
| 23:21 | Research | Bloodlines |
| 23:34 | Build | House |
| 23:34 | Build | House |
| 23:35 | Build | House |
| 23:37 | Age | Castle Age |
| 23:37 | Build | House |
| 23:45 | Research | Husbandry |
| 23:54 | Research | Gold Mining |
| 23:58 | Create | Steppe Lancer |
| 23:58 | Create | Steppe Lancer |
| 23:58 | Create | Steppe Lancer |
| 23:58 | Create | Steppe Lancer |
| 24:02 | Create | Steppe Lancer |
| 24:40 | Research | Iron Casting |
| 24:41 | Research | Chain Barding Armor |
| 25:12 | Create | Steppe Lancer |
| 25:13 | Create | Steppe Lancer |
| 25:13 | Create | Steppe Lancer |
| 25:47 | Create | Steppe Lancer |
| 25:47 | Create | Steppe Lancer |
| 25:47 | Create | Steppe Lancer |
| 25:47 | Create | Steppe Lancer |
| 25:48 | Create | Steppe Lancer |
| 26:38 | Create | Steppe Lancer |
| 26:39 | Create | Steppe Lancer |
| 26:39 | Create | Steppe Lancer |
| 26:39 | Create | Steppe Lancer |
| 26:39 | Create | Steppe Lancer |
| 26:39 | Create | Steppe Lancer |
| 27:05 | Create | Steppe Lancer |
| 27:05 | Create | Steppe Lancer |
| 27:15 | Build | House |
| 27:16 | Build | House |
| 27:17 | Build | House |
| 27:18 | Build | House |
| 27:20 | Build | House |
| 27:21 | Build | House |
| 27:22 | Build | House |
| 28:31 | Create | Steppe Lancer |
| 28:31 | Create | Steppe Lancer |
| 29:50 | Create | Steppe Lancer |
| 29:50 | Create | Steppe Lancer |
| 29:51 | Create | Steppe Lancer |
| 29:51 | Create | Steppe Lancer |
| 29:51 | Create | Steppe Lancer |
| 29:51 | Create | Steppe Lancer |
| 29:52 | Create | Steppe Lancer |
Build order — Tinus
First 150 of 261 actions detected
| 0:42 | Build | Town Center |
| 1:29 | Build | Town Center |
| 1:52 | Build | Dock |
| 2:52 | Build | House |
| 3:56 | Create | Villager (Male) |
| 3:56 | Create | Villager (Male) |
| 3:56 | Create | Villager (Male) |
| 4:07 | Create | Villager (Male) |
| 5:12 | Create | Fishing Ship |
| 5:34 | Research | Loom |
| 6:06 | Create | Fishing Ship |
| 6:35 | Create | Villager (Male) |
| 6:49 | Create | Fishing Ship |
| 7:39 | Create | Villager (Male) |
| 7:39 | Create | Villager (Male) |
| 7:42 | Create | Fishing Ship |
| 7:53 | Create | Villager (Male) |
| 8:09 | Create | Fishing Ship |
| 8:50 | Create | Fishing Ship |
| 8:53 | Create | Villager (Male) |
| 8:53 | Create | Villager (Male) |
| 8:58 | Build | House |
| 9:01 | Create | Villager (Male) |
| 9:02 | Create | Villager (Male) |
| 9:34 | Create | Villager (Male) |
| 9:59 | Create | Villager (Male) |
| 10:02 | Create | Fishing Ship |
| 10:38 | Create | Villager (Male) |
| 11:08 | Build | Settlement |
| 11:15 | Create | Fishing Ship |
| 12:00 | Create | Villager (Male) |
| 12:01 | Create | Villager (Male) |
| 12:02 | Create | Fishing Ship |
| 12:08 | Build | House |
| 12:18 | Build | Dock |
| 12:52 | Create | Villager (Male) |
| 12:59 | Create | Villager (Male) |
| 13:08 | Create | Villager (Male) |
| 13:21 | Create | Fishing Ship |
| 13:21 | Create | Fishing Ship |
| 13:21 | Create | Fishing Ship |
| 13:29 | Build | House |
| 13:54 | Create | Villager (Male) |
| 13:54 | Create | Villager (Male) |
| 14:17 | Create | Fishing Ship |
| 14:53 | Create | Villager (Male) |
| 15:02 | Build | Farm |
| 15:03 | Build | Farm |
| 15:04 | Build | Farm |
| 15:05 | Build | Farm |
| 15:06 | Build | Farm |
| 15:31 | Build | Barracks |
| 15:40 | Create | Fishing Ship |
| 15:47 | Create | Villager (Male) |
| 15:47 | Create | Villager (Male) |
| 16:13 | Create | Villager (Male) |
| 16:38 | Create | Fishing Ship |
| 16:49 | Create | Unit 2550 |
| 16:49 | Create | Unit 2550 |
| 16:50 | Create | Unit 2550 |
| 16:51 | Create | Unit 2550 |
| 16:54 | Create | Villager (Male) |
| 17:33 | Create | Villager (Male) |
| 17:33 | Create | Villager (Male) |
| 17:47 | Research | Feudal Age |
| 18:01 | Build | House |
| 18:02 | Build | House |
| 18:03 | Build | House |
| 18:50 | Build | Settlement |
| 19:01 | Create | Villager (Male) |
| 19:59 | Age | Feudal Age |
| 20:05 | Create | Villager (Male) |
| 20:06 | Create | Villager (Male) |
| 20:18 | Build | Farm |
| 20:19 | Build | Farm |
| 20:19 | Build | Farm |
| 20:20 | Build | Farm |
| 20:23 | Create | Villager (Male) |
| 20:30 | Build | Farm |
| 20:30 | Build | Farm |
| 20:31 | Build | Farm |
| 20:32 | Build | Farm |
| 20:42 | Create | Villager (Male) |
| 20:43 | Create | Villager (Male) |
| 20:54 | Create | Fire Galley |
| 20:59 | Create | Villager (Male) |
| 21:49 | Create | Villager (Male) |
| 21:50 | Create | Villager (Male) |
| 22:21 | Research | Tech 1402 |
| 22:33 | Build | Barracks |
| 23:01 | Build | Dock |
| 23:09 | Create | Fire Galley |
| 23:09 | Create | Fire Galley |
| 23:30 | Create | Villager (Male) |
| 23:46 | Build | Market |
| 23:55 | Create | Unit 2550 |
| 23:55 | Create | Unit 2550 |
| 23:55 | Create | Unit 2550 |
| 23:56 | Create | Unit 2550 |
| 23:59 | Create | Villager (Male) |
| 23:59 | Create | Villager (Male) |
| 24:03 | Research | Double-Bit Axe |
| 24:05 | Research | Horse Collar |
| 24:13 | Create | Unit 2550 |
| 24:14 | Create | Unit 2550 |
| 24:30 | Build | House |
| 24:31 | Build | House |
| 25:11 | Create | Unit 2550 |
| 25:11 | Create | Unit 2550 |
| 25:38 | Create | Villager (Male) |
| 25:38 | Create | Villager (Male) |
| 25:43 | Build | Farm |
| 25:46 | Build | Farm |
| 26:56 | Create | Villager (Male) |
| 26:56 | Create | Villager (Male) |
| 27:03 | Build | Farm |
| 27:04 | Create | Villager (Male) |
| 27:04 | Create | Villager (Male) |
| 27:17 | Build | Settlement |
| 28:01 | Create | Spearman |
| 28:01 | Create | Spearman |
| 28:02 | Create | Spearman |
| 28:02 | Create | Spearman |
| 28:05 | Create | Spearman |
| 28:05 | Create | Spearman |
| 28:06 | Create | Spearman |
| 28:27 | Create | Villager (Male) |
| 28:28 | Create | Villager (Male) |
| 28:38 | Build | Blacksmith |
| 29:05 | Create | Spearman |
| 29:06 | Create | Spearman |
| 29:24 | Create | Spearman |
| 29:24 | Create | Spearman |
| 29:24 | Create | Spearman |
| 29:29 | Research | Scale Mail Armor |
| 30:26 | Create | Unit 2550 |
| 30:26 | Create | Unit 2550 |
| 30:27 | Create | Unit 2550 |
| 30:32 | Create | Spearman |
| 30:32 | Create | Spearman |
| 30:32 | Create | Spearman |
| 30:33 | Create | Spearman |
| 30:35 | Create | Villager (Male) |
| 30:37 | Research | Castle Age |
| 31:05 | Create | Villager (Male) |
| 31:06 | Create | Villager (Male) |
| 31:16 | Build | Barracks |
| 31:17 | Build | Barracks |
| 31:18 | Build | Barracks |
| 31:18 | Build | Barracks |
Match timeline
| 0:25 | Gamer_90_ · first_building Dock |
| 1:27 | God emperor · first_building Dock |
| 1:52 | Tinus · first_building Dock |
| 2:45 | Jiren · first_building Dock |
| 5:07 | God emperor · wall_segment Palisade Wall x1 |
| 5:59 | Flying Dutchman · first_building Dock |
| 10:25 | [OuweHO3R] Rambo · first_building Dock |
| 12:19 | Bredatje · first_building Dock |
| 12:30 | FastMAN · first_building Dock |
| 14:15 | [OuweHO3R] Rambo · age_up feudal |
| 14:58 | Flying Dutchman · first_building Barracks |
| 15:10 | Bredatje · age_up feudal |
| 15:31 | Tinus · first_building Barracks |
| 15:35 | Gamer_90_ · age_up feudal |
| 16:26 | Jiren · age_up feudal |
| 16:50 | Bredatje · first_building Barracks |
| 16:51 | [OuweHO3R] Rambo · first_building Barracks |
| 18:02 | Flying Dutchman · age_up feudal |
| 18:15 | Flying Dutchman · wall_segment Stone Wall x4 |
| 18:21 | Flying Dutchman · wall_segment Stone Wall x4 |
| 18:27 | God emperor · age_up feudal |
| 18:29 | FastMAN · age_up feudal |
| 18:42 | FastMAN · first_building Barracks |
| 19:00 | Bredatje · first_building Stable |
| 19:02 | Flying Dutchman · wall_segment Stone Wall x24 |
| 19:16 | Flying Dutchman · wall_segment Stone Wall x4 |
| 19:53 | Flying Dutchman · wall_segment Stone Wall x8 |
| 19:59 | Tinus · age_up feudal |
| 20:18 | [OuweHO3R] Rambo · first_market_buy 100 wood |
| 20:35 | Gamer_90_ · first_building Barracks |
| 20:53 | Jiren · first_market_sell 100 food |
| 20:58 | Flying Dutchman · wall_segment Stone Wall x1 |
| 20:59 | Flying Dutchman · wall_segment Stone Wall x1 |
| 20:59 | Flying Dutchman · wall_segment Stone Wall x1 |
| 21:00 | Flying Dutchman · wall_segment Stone Wall x1 |
| 21:11 | [OuweHO3R] Rambo · first_building Stable |
| 21:21 | Jiren · first_building Barracks |
| 21:27 | Gamer_90_ · first_market_sell 100 wood |
| 21:34 | Flying Dutchman · wall_segment Stone Wall x2 |
| 22:00 | Bredatje · age_up castle |
| 22:13 | Jiren · first_building Stable |
| 22:20 | FastMAN · first_building Stable |
| 22:47 | Flying Dutchman · wall_segment Stone Wall x10 |
| 23:09 | [OuweHO3R] Rambo · age_up castle |
| 23:34 | Flying Dutchman · wall_segment Stone Wall x7 |
| 23:37 | Jiren · age_up castle |
| 23:44 | Bredatje · tribute_sent a jugador 1 |
| 23:44 | Bredatje · tribute_sent a jugador 3 |
| 23:44 | Bredatje · tribute_sent a jugador 4 |
| 23:44 | Bredatje · tribute_sent a jugador 5 |
| 23:44 | Bredatje · tribute_sent a jugador 6 |
| 23:44 | Bredatje · tribute_sent a jugador 7 |
| 23:44 | Bredatje · tribute_sent a jugador 8 |
| 23:46 | Flying Dutchman · tribute_sent a jugador 1 |
| 23:46 | Flying Dutchman · tribute_sent a jugador 2 |
| 23:46 | Flying Dutchman · tribute_sent a jugador 3 |
| 23:46 | Flying Dutchman · tribute_sent a jugador 5 |
| 23:46 | Flying Dutchman · tribute_sent a jugador 6 |
| 23:46 | Flying Dutchman · tribute_sent a jugador 7 |
| 23:46 | Flying Dutchman · tribute_sent a jugador 8 |
| 23:54 | [OuweHO3R] Rambo · first_building Castle |
| 24:27 | [OuweHO3R] Rambo · wall_segment Stone Wall x1 |
| 24:30 | Flying Dutchman · wall_segment Stone Wall x7 |
| 24:48 | God emperor · age_up castle |
| 24:52 | God emperor · first_building Castle |
| 24:59 | Flying Dutchman · age_up castle |
| 25:01 | Gamer_90_ · age_up castle |
| 25:03 | Flying Dutchman · first_building Castle |
| 25:49 | [OuweHO3R] Rambo · first_market_sell 100 food |
| 26:14 | Gamer_90_ · first_market_buy 100 food |
| 26:37 | Jiren · first_market_buy 100 food |
| 26:43 | Flying Dutchman · wall_segment Stone Wall x8 |
| 27:26 | FastMAN · first_building Archery Range |
| 27:34 | God emperor · wall_segment Stone Wall x2 |
| 27:55 | FastMAN · age_up castle |
| 29:17 | Bredatje · first_building Archery Range |
| 29:30 | Bredatje · first_market_buy 100 stone |
| 29:35 | Bredatje · first_building Castle |
| 29:55 | God emperor · first_market_sell 100 food |
| 29:56 | God emperor · first_market_buy 100 stone |
| 31:19 | God emperor · wall_segment Stone Wall x2 |
| 32:23 | God emperor · wall_segment Stone Wall x2 |
| 33:15 | God emperor · first_building Siege Workshop |
| 33:17 | Tinus · age_up castle |
| 33:37 | Gamer_90_ · first_building Siege Workshop |
| 33:37 | FastMAN · first_building Castle |
| 33:54 | God emperor · wall_segment Stone Wall x7 |
| 33:58 | God emperor · wall_segment Stone Wall x2 |
| 34:52 | [OuweHO3R] Rambo · wall_segment Stone Wall x1 |
| 35:34 | Bredatje · tribute_sent a jugador 1 |
| 35:34 | Bredatje · tribute_sent a jugador 3 |
| 35:34 | Bredatje · tribute_sent a jugador 4 |
| 35:34 | Bredatje · tribute_sent a jugador 5 |
| 35:34 | Bredatje · tribute_sent a jugador 6 |
| 35:34 | Bredatje · tribute_sent a jugador 7 |
| 35:34 | Bredatje · tribute_sent a jugador 8 |
| 36:15 | Flying Dutchman · first_building Siege Workshop |
| 36:17 | Bredatje · first_building Siege Workshop |
| 39:41 | Gamer_90_ · first_building Stable |
| 40:04 | Bredatje · tribute_sent a jugador 1 |
| 40:04 | Bredatje · tribute_sent a jugador 3 |
| 40:04 | Bredatje · tribute_sent a jugador 4 |
| 40:04 | Bredatje · tribute_sent a jugador 5 |
| 40:04 | Bredatje · tribute_sent a jugador 6 |
| 40:04 | Bredatje · tribute_sent a jugador 7 |
| 40:04 | Bredatje · tribute_sent a jugador 8 |
| 41:22 | Gamer_90_ · first_building Castle |
| 42:06 | [OuweHO3R] Rambo · wall_segment Stone Wall x1 |
| 42:17 | Bredatje · age_up imperial |
| 42:36 | FastMAN · first_building Siege Workshop |
| 43:46 | [OuweHO3R] Rambo · tribute_sent a jugador 1 |
| 43:46 | [OuweHO3R] Rambo · tribute_sent a jugador 2 |
| 43:46 | [OuweHO3R] Rambo · tribute_sent a jugador 3 |
| 43:46 | [OuweHO3R] Rambo · tribute_sent a jugador 4 |
| 43:46 | [OuweHO3R] Rambo · tribute_sent a jugador 5 |
| 43:46 | [OuweHO3R] Rambo · tribute_sent a jugador 7 |
| 43:46 | [OuweHO3R] Rambo · tribute_sent a jugador 8 |
| 43:55 | [OuweHO3R] Rambo · tribute_sent a jugador 1 |
| 43:55 | [OuweHO3R] Rambo · tribute_sent a jugador 2 |
| 43:55 | [OuweHO3R] Rambo · tribute_sent a jugador 3 |
| 43:55 | [OuweHO3R] Rambo · tribute_sent a jugador 4 |
| 43:55 | [OuweHO3R] Rambo · tribute_sent a jugador 5 |
| 43:55 | [OuweHO3R] Rambo · tribute_sent a jugador 7 |
| 43:55 | [OuweHO3R] Rambo · tribute_sent a jugador 8 |
| 45:30 | Tinus · first_building Castle |
| 46:27 | Flying Dutchman · resign |
[ AI ANALYSIS · 1 CREDIT ]
What really happened in this match?
Wolo.gg analyzes every decision: build order, eco, micro, common mistakes by bracket. Personalized analysis on WhatsApp or Discord in 30 seconds.
Civ guide
Turks
Perfil
Jugador #486719